 Dungeon Crawl Stone Soup version 0.31.0-4-g52a2dc7128 (webtiles) character file.

Game seed: 3873984873897664621

1603 sanka the Skirmisher (level 8, -1/61 HPs)
             Began as a Demigod Hunter on Jan 21, 2024.
             Killed from afar by an electric eel (10 damage)
             ... with a bolt of electricity
             ... on level 6 of the Dungeon.
             The game lasted 00:07:51 (4187 turns).

sanka the Skirmisher (Demigod Hunter)               Turns: 4187, Time: 00:07:51

Health: -1/61      AC:  6    Str: 12    XL:     8   Next: 36%
Magic:  11/11      EV: 17    Int: 11    God:
Gold:   249        SH:  0    Dex: 25    Spells: 7/7 levels left

rFire   . . .        a - +0 shortbow
rCold   . . .        (shield currently unavailable)
rNeg    . . .        c - +0 leather armour
rPois   +            (no helmet)
rElec   .            f - +0 cloak
rCorr   .            (no gloves)
SInv    .            (no boots)
Will    .....        (no amulet)
Stlth   ++           n - +4 ring of protection
HPRegen 0.30/turn    t - +5 ring of evasion
MPRegen 0.12/turn

%: no passive effects
@: no status effects
A: high MP 2, forlorn, divine attributes, deformed body, poison resistance,
sturdy frame 1
a: no special abilities


You were on level 6 of the Dungeon.
You visited 1 branch of the dungeon, and saw 6 of its levels.

You collected 311 gold pieces.
You spent 62 gold pieces at shops.


Innate Abilities, Weirdness & Mutations

You have a considerably increased reservoir of magic. (+20% MP)
You shall have no god before yourself.
Your divine heritage dramatically boosts your attributes as you level up.
Armour fits poorly on your strangely shaped body.
Your system is resistant to poisons. (rPois)
Your movements are slightly less encumbered by armour. (ER -2)


   Skills:
 - Level 2.0 Fighting
 + Level 10.7 Ranged Weapons
 - Level 1.7 Dodging
 - Level 0.8 Stealth


You had 7 spell levels left.
You didn't know any spells.
Your spell library contained the following spells:

 Spells                   Type           Power      Damage    Failure   Level
 Kiss of Death            Conj/Necr      0%         2d5       36%         1
 Blink                    Tloc           0%         N/A       50%         2
 Lesser Beckoning         Tloc           0%         N/A       50%         2
 Momentum Strike          Conj/Tloc      0%         3d8       50%         2
 Confusing Touch          Hex            0%         N/A       73%         3
 Dispel Undead            Necr           0%         3d6       98%         4

Inventory:

Hand Weapons
 a - a +0 shortbow (weapon)
 b - the +11 hand axe of the Eel {heavy, Will+ Str+2}

   Str+2:     It affects your strength (+2).
   Will+:     It increases your willpower.
 w - a +3 whip of distortion
Armour
 c - a +0 leather armour (worn)
 f - a +0 cloak (worn)
Jewellery
 n - a +4 ring of protection (left hand)
 t - a +5 ring of evasion (right hand)
Scrolls
 d - 2 scrolls of teleportation {@r4}
 g - 2 scrolls of fear {unknown}
 h - a scroll of revelation
 i - a scroll of amnesia
 j - 3 scrolls of torment {unknown}
 k - a scroll of noise {!r}
 o - 2 scrolls of butterflies
 q - a scroll of fog {unknown}
 r - a scroll of blinking {unknown}
 s - 2 scrolls of enchant weapon
 v - a scroll of immolation {unknown}
 x - a scroll of brand weapon {unknown}
Potions
 e - a potion of heal wounds {unknown}
 l - a potion of berserk rage {unknown}
 m - a potion of mutation {!q}
 p - 2 potions of resistance {unknown}
 u - a potion of invisibility {unknown}

Dungeon Overview and Level Annotations

Branches:
Dungeon (6/15)
 Temple: D:4-7

Shops:
D:3

* ▒▒▒...▒▒▒........
▒▒▒.▒▒.........
▒....†.♣.....
▒............
▒.▒..........
▒.▒▒....>....
▒.▒▒.........
▒▒▒▒▒▒▒▒▒▒▒▒.▒▒▒........
.......p.......=........
........................
~~.~~~~..~.~~...~..~~..~
~~S~≈~≈~~~~~~~~~~~~~~~~~
~≈≈≈≈≈≈≈≈≈≈≈≈≈≈~~≈≈≈≈~≈≈
~≈≈≈≈≈≈≈≈≈≈≈≈≈≈≈≈≈▒▒▒▒▒≈
▒▒▒▒▒▒▒▒▒▒▒▒▒▒▒▒▒▒▒


You could see an electric eel.


Message History

The arrow misses the electric eel.
You shoot an arrow.
The arrow closely misses the electric eel.
The electric eel shoots out a bolt of lightning at you!
The bolt of electricity hits you!
You shoot an arrow.
The arrow closely misses the electric eel.
The electric eel shoots out a bolt of lightning at you!
The bolt of electricity misses you.
You shoot an arrow.
The arrow hits the electric eel but does no damage.
The electric eel is moderately wounded.
The electric eel shoots out a bolt of lightning at you!
The bolt of electricity hits you!
* * * LOW HITPOINT WARNING * * *
You shoot an arrow. The arrow hits the electric eel!
The electric eel is severely wounded.
The electric eel shoots out a bolt of lightning at you!
The bolt of electricity misses you.
You shoot an arrow. The arrow misses the electric eel.
The electric eel shoots out a bolt of lightning at you!
The bolt of electricity hits you!
* * * LOW HITPOINT WARNING * * *
You shoot an arrow.
The arrow closely misses the electric eel.
The electric eel shoots out a bolt of lightning at you!
The bolt of electricity hits you!
You die...

Action                     |  1- 3 |  4- 6 |  7- 9 || total
---------------------------+-------+-------+-------++-------
  Melee: Hand axe          |       |    28 |    15 ||    43
         Punch             |       |     1 |     1 ||     2
   Fire: Shortbow          |    77 |   144 |   129 ||   350
    Use: Scroll            |       |     4 |     1 ||     5
         Potion            |       |     4 |       ||     4
 Armour: Leather armour    |    23 |    60 |    25 ||   108
  Dodge: Dodged            |    16 |    80 |    38 ||   134

Levels and vault maps discovered:
D:1:      minmay_arrival_hallway, layout_basic
D:2:      layout_basic
D:3:      layout_rooms, serial_shops, shop,
          hellmonk_ecumenical_altar_heavens_door, serial_undead,
          serial_undead_d, serial_undead_a, serial_undead_a, serial_undead_c,
          uniq_natasha
D:4:      layout_gridville, mainiacjoe_overflow_swirl,
          lightli_sewer_entry_pipes, serial_glass, glass_columns_a,
          glass_columns_c, item_on_display_a, due_unseen_surprise,
          minmay_strange_pillars, minmay_strange_pillars, minivault_11,
          uniq_pikel
D:5:      layout_layer_cave, slow_altar_1
D:6:      minmay_goblin_kobold_castle, layout_cave_pods,
          gammafunk_temple_overflow_forgotten, minmay_gold_behind_fungi,
          chequers_mini_garden, uniq_crazy_yiuf_cottage

Notes
Turn   | Place    | Note
-------+----------+-------------------------------------------
     0 | D:1      | sanka the Demigod Hunter began the quest for the Orb.
     0 | D:1      | Reached XP level 1. HP: 17/17 MP: 3/3
    77 | D:1      | Reached skill level 2 in Fighting
   380 | D:1      | Reached skill level 4 in Ranged Weapons
   382 | D:1      | Reached XP level 2. HP: 24/24 MP: 4/4
   913 | D:2      | Reached XP level 3. HP: 11/29 MP: 5/5
  1361 | D:3      | Noticed Natasha
  1365 | D:3      | Killed Natasha
  1366 | D:3      | Reached skill level 5 in Ranged Weapons
  1366 | D:3      | Reached XP level 4. HP: 29/36 MP: 6/6
  1422 | D:3      | Identified the +11 hand axe of the Eel {heavy, Will+ Str+2}
  1533 | D:3      | Noticed Natasha
  1539 | D:3      | Killed Natasha
  1566 | D:3      | Found Saqo's Assorted Antiques.
  1578 | D:3      | Reached XP level 5. HP: 36/41 MP: 7/7
  1581 | D:3      | Reached skill level 6 in Ranged Weapons
  1833 | D:3      | Noticed Natasha
  1836 | D:3      | Killed Natasha
  2258 | D:4      | Noticed a black bear
  2270 | D:4      | Killed a black bear
  2271 | D:4      | Reached skill level 7 in Ranged Weapons
  2271 | D:4      | Reached XP level 6. HP: 23/48 MP: 8/8
  2668 | D:4      | Noticed Pikel
  2778 | D:4      | Gained mutation: Armour fits poorly on your strangely
                  | shaped body. [potion of mutation]
  2778 | D:4      | Gained mutation: You have a considerably increased
                  | reservoir of magic. (+20% MP) [potion of mutation]
  2778 | D:4      | Gained mutation: Your movements are slightly less
                  | encumbered by armour. (ER -2) [potion of mutation]
  2778 | D:4      | Gained mutation: Your system is resistant to poisons.
                  | (rPois) [potion of mutation]
  2783 | D:4      | Killed Pikel
  2784 | D:4      | Reached skill level 9 in Ranged Weapons
  2784 | D:4      | Reached XP level 7. HP: 7/55 MP: 8/10
  3187 | D:3      | Bought a scroll of identify for 62 gold pieces
  3232 | D:5      | Entered Level 5 of the Dungeon
  3371 | D:5      | Reached XP level 8. HP: 61/61 MP: 11/11
  3596 | D:5      | Reached skill level 10 in Ranged Weapons
  4187 | D:6      | Killed from afar by an electric eel

Vanquished Creatures
  Pikel (D:4)
  2 black bears
  An ogre (D:5)
  2 lemures (D:4)
  2 scorpions
  3 hounds (D:5)
  5 bombardier beetles
  A jelly (D:5)
  An orc priest (D:4)
  A sleepcap (D:5)
  3 iguanas
  Natasha (thrice) (D:3)
  A hound skeleton (D:3)
  3 river rats (D:4)
  11 adders
  A white imp (D:5)
  2 ufetubi (D:5)
  An adder zombie (D:3)
  An adder skeleton (D:3)
  2 dart slugs
  6 ribbon worms (D:4)
  10 orcs
  5 ball pythons
  6 endoplasms
  2 giant cockroaches
  6 goblins
  3 hobgoblins
  6 kobolds
  A quokka (D:1)
  A ball python zombie (D:3)
  6 bats
  2 frilled lizards (D:3)
  A quokka skeleton (D:3)
  A quokka zombie (D:3)
  6 rats
109 creatures vanquished.
